[ AOE2 MATCH · #478864348 ]
UnrankedVikings vs Vietnamese
Player's team · WIN
[ REPLAY ANALYSIS · EXTRACTED FROM THE RECORDED GAME ]
Feudal
14:20
Castle
24:12
Imperial
—
| APM avg | 13.6 |
| APM peak | 24 |
| eAPM avg | 10.4 |
| Villagers / military | 70 / 19 |
Focus
⚔️ 15.9% · 🌾 84.1%
Fishing Ship ×31 · Knight ×10 · Fire Galley ×9 · Unknown (2626) ×4
Feudal
12:35
Castle
27:02
Imperial
—
| APM avg | 9.9 |
| APM peak | 24 |
| eAPM avg | 6.9 |
| Villagers / military | 34 / 15 |
Focus
⚔️ 29.9% · 🌾 70.1%
Fishing Ship ×11 · Archer ×9 · Unknown (2626) ×7 · Galley ×4 · Trade Cog ×1 · Transport Ship ×1
Match map
Initial resources + every placement click. Lines = walls · curves = elevation contours. ◆ gold · ⬟ stone · ● berries · ✦ relic · ◌ wall gap
Your base· Open — unwalled flank
charles.mag.schreiber's base· Open — unwalled flank
Smoothed initial terrain · ◌ = detected wall gap · hover for details
Inputs per minute
— ErBert95 - - charles.mag.schreiber
Build order — ErBert95
First 150 of 191 actions detected
| 0:16 | Build | House |
| 0:19 | Build | House |
| 0:21 | Create | Villager (Male) |
| 0:22 | Create | Villager (Male) |
| 0:22 | Create | Villager (Male) |
| 0:22 | Create | Villager (Male) |
| 0:22 | Create | Villager (Male) |
| 0:23 | Create | Villager (Male) |
| 1:44 | Build | Lumber Camp |
| 2:01 | Create | Villager (Male) |
| 2:01 | Create | Villager (Male) |
| 2:53 | Create | Villager (Male) |
| 2:53 | Create | Villager (Male) |
| 2:53 | Create | Villager (Male) |
| 3:25 | Create | Villager (Male) |
| 3:25 | Create | Villager (Male) |
| 3:44 | Create | Villager (Male) |
| 3:45 | Create | Villager (Male) |
| 4:04 | Create | Villager (Male) |
| 4:05 | Create | Villager (Male) |
| 4:30 | Build | Dock |
| 4:42 | Build | Dock |
| 4:46 | Create | Villager (Male) |
| 4:47 | Create | Villager (Male) |
| 5:00 | Create | Villager (Male) |
| 5:15 | Build | House |
| 5:42 | Create | Villager (Male) |
| 5:42 | Create | Villager (Male) |
| 5:51 | Create | Fishing Ship |
| 5:51 | Create | Fishing Ship |
| 5:57 | Build | House |
| 6:08 | Create | Villager (Male) |
| 6:09 | Create | Villager (Male) |
| 6:41 | Build | Mining Camp |
| 6:46 | Create | Villager (Male) |
| 6:46 | Create | Villager (Male) |
| 6:46 | Create | Villager (Male) |
| 7:08 | Create | Villager (Male) |
| 7:08 | Create | Villager (Male) |
| 7:32 | Create | Fishing Ship |
| 7:34 | Create | Fishing Ship |
| 7:39 | Create | Villager (Male) |
| 7:39 | Create | Villager (Male) |
| 8:02 | Build | House |
| 8:12 | Build | Mining Camp |
| 8:15 | Create | Villager (Male) |
| 8:15 | Create | Villager (Male) |
| 8:15 | Create | Villager (Male) |
| 8:15 | Create | Villager (Male) |
| 8:58 | Create | Fishing Ship |
| 9:03 | Create | Villager (Male) |
| 9:03 | Create | Villager (Male) |
| 9:13 | Research | Loom |
| 9:28 | Create | Villager (Male) |
| 9:28 | Create | Villager (Male) |
| 10:01 | Create | Fishing Ship |
| 10:07 | Build | House |
| 10:42 | Create | Fishing Ship |
| 10:45 | Create | Villager (Male) |
| 11:45 | Create | Fishing Ship |
| 11:45 | Create | Fishing Ship |
| 11:46 | Create | Fishing Ship |
| 12:10 | Research | Feudal Age |
| 13:17 | Build | Mill |
| 13:21 | Build | House |
| 13:24 | Build | House |
| 13:34 | Create | Fishing Ship |
| 13:35 | Create | Fishing Ship |
| 14:20 | Age | Feudal Age |
| 14:20 | Build | Barracks |
| 14:27 | Create | Villager (Male) |
| 14:27 | Create | Villager (Male) |
| 14:27 | Create | Villager (Male) |
| 14:27 | Create | Villager (Male) |
| 14:28 | Create | Villager (Male) |
| 14:28 | Create | Villager (Male) |
| 14:28 | Create | Villager (Male) |
| 14:38 | Create | Fishing Ship |
| 14:39 | Create | Fishing Ship |
| 15:08 | Create | Fishing Ship |
| 15:08 | Create | Fishing Ship |
| 15:38 | Research | Double-Bit Axe |
| 15:57 | Build | House |
| 16:09 | Build | House |
| 16:18 | Build | House |
| 16:39 | Create | Villager (Male) |
| 16:40 | Create | Villager (Male) |
| 16:40 | Create | Villager (Male) |
| 16:40 | Create | Villager (Male) |
| 16:40 | Create | Villager (Male) |
| 16:41 | Create | Villager (Male) |
| 16:44 | Create | Fishing Ship |
| 16:45 | Create | Fishing Ship |
| 16:47 | Create | Fishing Ship |
| 17:14 | Build | Lumber Camp |
| 17:30 | Build | Dock |
| 18:15 | Build | Dock |
| 18:39 | Build | Blacksmith |
| 18:51 | Create | Fishing Ship |
| 18:51 | Create | Fishing Ship |
| 18:51 | Create | Fishing Ship |
| 18:52 | Create | Fishing Ship |
| 19:49 | Create | Villager (Male) |
| 19:50 | Create | Villager (Male) |
| 19:50 | Create | Villager (Male) |
| 19:50 | Create | Villager (Male) |
| 19:50 | Create | Villager (Male) |
| 19:59 | Build | House |
| 20:01 | Build | House |
| 20:06 | Build | House |
| 20:09 | Build | Lumber Camp |
| 20:18 | Research | Fletching |
| 20:25 | Build | Market |
| 20:36 | Build | Dock |
| 21:04 | Create | Fire Galley |
| 21:05 | Create | Fire Galley |
| 21:05 | Create | Fire Galley |
| 21:09 | Create | Fire Galley |
| 21:10 | Create | Unit 2626 |
| 21:10 | Create | Unit 2626 |
| 21:30 | Research | Castle Age |
| 21:36 | Create | Fire Galley |
| 21:37 | Create | Fire Galley |
| 21:37 | Create | Fire Galley |
| 21:38 | Create | Fire Galley |
| 21:42 | Create | Fire Galley |
| 21:59 | Create | Unit 2626 |
| 22:00 | Create | Unit 2626 |
| 24:12 | Age | Castle Age |
| 24:20 | Create | Villager (Male) |
| 24:20 | Create | Villager (Male) |
| 24:21 | Create | Villager (Male) |
| 24:21 | Create | Villager (Male) |
| 24:21 | Create | Villager (Male) |
| 24:22 | Create | Villager (Male) |
| 24:22 | Create | Villager (Male) |
| 24:31 | Build | Town Center |
| 25:07 | Build | Stable |
| 25:09 | Research | Bodkin Arrow |
| 25:11 | Research | Scale Barding Armor |
| 25:40 | Build | Mining Camp |
| 25:44 | Research | Stone Mining |
| 26:16 | Build | Stable |
| 26:23 | Build | Stable |
| 26:30 | Build | University |
| 26:45 | Create | Villager (Male) |
| 26:45 | Create | Villager (Male) |
| 26:46 | Create | Villager (Male) |
| 26:46 | Create | Villager (Male) |
| 26:46 | Create | Villager (Male) |
Build order — charles.mag.schreiber
121 actions detected in the replay
| 0:01 | Create | Villager (Male) |
| 0:01 | Create | Villager (Male) |
| 0:01 | Create | Villager (Male) |
| 0:04 | Build | House |
| 0:07 | Build | House |
| 1:18 | Create | Villager (Male) |
| 1:27 | Create | Villager (Male) |
| 1:53 | Build | Lumber Camp |
| 2:37 | Create | Villager (Male) |
| 2:37 | Create | Villager (Male) |
| 3:03 | Create | Villager (Male) |
| 3:24 | Create | Villager (Male) |
| 4:44 | Build | Lumber Camp |
| 4:48 | Build | House |
| 5:43 | Create | Villager (Male) |
| 5:43 | Create | Villager (Male) |
| 6:12 | Build | Dock |
| 6:49 | Create | Villager (Male) |
| 6:49 | Create | Villager (Male) |
| 6:49 | Create | Villager (Male) |
| 9:24 | Create | Fishing Ship |
| 9:26 | Create | Fishing Ship |
| 9:27 | Create | Fishing Ship |
| 9:30 | Create | Fishing Ship |
| 9:35 | Create | Villager (Male) |
| 9:45 | Research | Loom |
| 9:45 | Research | Feudal Age |
| 10:41 | Build | Mill |
| 11:04 | Build | Mining Camp |
| 11:12 | Build | House |
| 11:34 | Create | Villager (Male) |
| 11:35 | Create | Villager (Male) |
| 12:20 | Create | Fishing Ship |
| 12:30 | Create | Villager (Male) |
| 12:30 | Create | Villager (Male) |
| 12:35 | Age | Feudal Age |
| 12:49 | Research | Double-Bit Axe |
| 12:53 | Research | Horse Collar |
| 13:05 | Build | House |
| 13:05 | Build | House |
| 13:06 | Build | House |
| 13:06 | Build | House |
| 13:06 | Build | House |
| 13:13 | Build | House |
| 13:14 | Build | House |
| 13:41 | Build | Dock |
| 13:57 | Build | Barracks |
| 14:22 | Build | Farm |
| 14:26 | Build | Farm |
| 15:20 | Create | Villager (Male) |
| 15:20 | Create | Villager (Male) |
| 15:20 | Create | Villager (Male) |
| 15:30 | Build | Mining Camp |
| 15:51 | Build | Farm |
| 16:22 | Build | Archery Range |
| 16:36 | Build | Farm |
| 16:40 | Create | Villager (Male) |
| 16:40 | Create | Villager (Male) |
| 16:40 | Create | Villager (Male) |
| 17:03 | Build | Farm |
| 17:10 | Create | Fishing Ship |
| 17:19 | Create | Transport Ship |
| 17:29 | Create | Fishing Ship |
| 17:29 | Create | Fishing Ship |
| 18:13 | Build | Farm |
| 18:40 | Build | Blacksmith |
| 19:09 | Create | Archer |
| 19:09 | Create | Archer |
| 19:09 | Create | Archer |
| 19:11 | Create | Archer |
| 19:11 | Create | Archer |
| 19:11 | Create | Archer |
| 19:12 | Create | Archer |
| 19:14 | Create | Archer |
| 19:14 | Create | Archer |
| 19:19 | Research | Padded Archer Armor |
| 19:19 | Research | Fletching |
| 20:01 | Build | Lumber Camp |
| 20:57 | Create | Demolition Raft |
| 21:02 | Create | Unit 2626 |
| 21:04 | Create | Unit 2626 |
| 21:05 | Create | Unit 2626 |
| 21:06 | Create | Unit 2626 |
| 21:28 | Create | Villager (Male) |
| 21:28 | Create | Villager (Male) |
| 21:28 | Create | Villager (Male) |
| 21:28 | Create | Villager (Male) |
| 24:22 | Research | Castle Age |
| 24:47 | Create | Trade Cog |
| 24:53 | Create | Galley |
| 24:57 | Create | Unit 2626 |
| 24:58 | Create | Unit 2626 |
| 25:35 | Build | Farm |
| 25:41 | Build | Farm |
| 26:46 | Build | Farm |
| 27:02 | Age | Castle Age |
| 27:45 | Create | Unit 2626 |
| 27:49 | Create | Galley |
| 27:58 | Create | Galley |
| 27:58 | Create | Galley |
| 30:33 | Research | Crossbowman (upgrade) |
| 30:35 | Research | Thumb Ring |
| 30:38 | Research | Leather Archer Armor |
| 30:39 | Research | Bodkin Arrow |
| 31:01 | Build | House |
| 31:01 | Build | House |
| 31:01 | Build | House |
| 31:08 | Build | House |
| 31:08 | Build | House |
| 31:08 | Build | House |
| 32:12 | Build | Dock |
| 32:35 | Build | Lumber Camp |
| 32:45 | Create | Villager (Male) |
| 32:46 | Create | Villager (Male) |
| 32:46 | Create | Villager (Male) |
| 32:46 | Create | Villager (Male) |
| 32:46 | Create | Villager (Male) |
| 33:17 | Create | Fishing Ship |
| 33:17 | Create | Fishing Ship |
| 33:17 | Create | Fishing Ship |
| 33:30 | Build | Watch Tower |
Match timeline
| 4:30 | ErBert95 · first_building Dock |
| 6:12 | charles.mag.schreiber · first_building Dock |
| 12:35 | charles.mag.schreiber · age_up feudal |
| 13:57 | charles.mag.schreiber · first_building Barracks |
| 14:20 | ErBert95 · age_up feudal |
| 14:20 | ErBert95 · first_building Barracks |
| 16:22 | charles.mag.schreiber · first_building Archery Range |
| 24:12 | ErBert95 · age_up castle |
| 25:07 | ErBert95 · first_building Stable |
| 27:02 | charles.mag.schreiber · age_up castle |
| 28:52 | ErBert95 · first_market_buy 100 food |
| 29:17 | ErBert95 · first_building Castle |
| 33:55 | charles.mag.schreiber · resign |
[ AI ANALYSIS · 1 CREDIT ]
What really happened in this match?
Wolo.gg analyzes every decision: build order, eco, micro, common mistakes by bracket. Personalized analysis on WhatsApp or Discord in 30 seconds.
Civ guide
Vikings
Perfil
Jugador #20891981